 Dungeon Crawl Stone Soup version 0.31.0-9-g3a7656b989 (webtiles) character file.

Game seed: 3412025424158470809

173 qw the Skirmisher (level 5, 0/29 HPs)
             Began as a Deep Elf Hunter on Feb 2, 2024.
             Slain by an orc priest
             ... wielding a +0 heavy flail
              (2 damage)
             ... on level 3 of the Dungeon.
             The game lasted 00:00:06 (1643 turns).

qw the Skirmisher (Deep Elf Hunter)                 Turns: 1643, Time: 00:00:06

Health: 0/29       AC:  5    Str:  8    XL:     5   Next: 28%
Magic:  7/7        EV: 11    Int: 14    God:
Gold:   108        SH:  0    Dex: 22    Spells: 4/4 levels left

rFire   . . .        a - +1 shortbow
rCold   . . .        (shield currently unavailable)
rNeg    + . .        h - +0 ring mail
rPois   .            (no helmet)
rElec   +            (no cloak)
rCorr   .            (no gloves)
SInv    .            (no boots)
Will    +....        (no amulet)
Stlth   ++           e - ring "Hetzaw" {rElec rN+ Will+ Str-2 Dex+4}
HPRegen 0.24/turn    (no ring)
MPRegen 0.10/turn

%: no passive effects
@: about to teleport
A: no striking features
a: no special abilities


You were on level 3 of the Dungeon.
You visited 1 branch of the dungeon, and saw 3 of its levels.

You collected 108 gold pieces.


   Skills:
 - Level 1.5 Fighting
 + Level 8.5 Ranged Weapons
 - Level 3.0 Dodging
 - Level 1.2 Stealth


You had 4 spell levels left.
You didn't know any spells.
Your spell library was empty.

Inventory:

Hand Weapons
 a - a +1 shortbow (weapon)
Armour
 h - a +0 ring mail (worn)
Jewellery
 e - the ring "Hetzaw" (left hand) {rElec rN+ Will+ Str-2 Dex+4}
   (You acquired it on level 1 of the Dungeon)

   [ring of willpower]

   Str-2:     It affects your strength (-2).
   Dex+4:     It affects your dexterity (+4).
   rElec:     It insulates you from electricity.
   rN+:       It protects you from negative energy.
   Will+:     It increases your willpower.
Potions
 b - a potion of mutation {unknown}
 d - a potion of haste
 g - a potion of heal wounds {unknown}

Dungeon Overview and Level Annotations

Branches:
Dungeon (3/15)

Altars:
Dithmenos

Shops:
D:2 [


Message History

Beogh smites you!
You shoot an arrow.
The arrow hits the orc but does no damage.
The orc priest miscasts a cantrip.
The orc hits you but does no damage. The orc completely misses you.
An endoplasm comes into view.
You shoot an arrow. The arrow closely misses the orc.
The orc hits you but does no damage. x2
You shoot an arrow. The arrow hits the orc!
You kill the orc!
The orc hits you with a +0 dagger.
You shoot an arrow. The arrow hits the orc!
You kill the orc!
The orc hits you with a +0 dagger.
The orc priest mumbles some strange prayers to Beogh against you.
You resist with some effort.
You shoot an arrow. The arrow hits the orc.
The orc is heavily wounded.
The orc completely misses you.
The orc priest calls upon Beogh to heal the orc.
The orc's wounds heal themselves!
You shoot an arrow. The arrow hits the orc.
The orc is severely wounded.
The orc hits you with a +0 dagger.
You shoot an arrow. The arrow hits the orc!
You kill the orc!
You shoot an arrow.
The arrow hits the orc priest but does no damage.
The orc priest hits you with a +0 heavy flail!
Ouch! That really hurt!
The orc priest hits you with a +0 short sword.
1642 ||| READING scroll of teleportation.
As you read the scroll of teleportation, it crumbles to dust.
You feel strangely unstable. The orc priest completely misses you.
The orc priest barely misses you.
You shoot an arrow. The arrow hits the orc priest!
The orc priest is heavily wounded.
The orc priest looks braver for a moment.
The orc priest hits you with a +0 heavy flail.
You die...

.. #. .. ..#. ### .###
#. #.. .#. #. .. #.# #
... #.
.#..###.##.##.#####.###.
.....Joo%...... ...##..
#@# #.# ##.##.# #.#
###.####...... #.#
#.......#.##.# #.#
#.####..#.##.#
#.###.##......##.#
#.....##.###..##.#
#####.##.#}#.###.#
#.##.###.# #.#
#........###.#


You could see 2 orc priests and an endoplasm.

Vanquished Creatures
  Jessica (D:2)
  An orc wizard (D:2)
  3 gnolls (D:3)
  3 adders (D:2)
  3 dart slugs (D:1)
  2 ribbon worms (D:2)
  6 orcs
  2 ball pythons (D:2)
  7 endoplasms
  5 giant cockroaches
  5 goblins
  2 hobgoblins
  4 quokkas
  A bat (D:1)
  2 kobolds (D:1)
  4 rats
51 creatures vanquished.

Notes
Turn   | Place    | Note
-------+----------+-------------------------------------------
     0 | D:1      | qw the Deep Elf Hunter began the quest for the Orb.
     0 | D:1      | Reached XP level 1. HP: 12/12 MP: 3/3
     0 | D:1      | 0 ||| qw: Version: 0.3-a-155-g5e7d8dd
     0 | D:1      | 0 ||| qw: Game counter: 166
     0 | D:1      | 0 ||| qw: Melee chars always use a shield: true
     0 | D:1      | 0 ||| qw: God list: Okawaru
     0 | D:1      | 0 ||| qw: Allow faded altars: false
     0 | D:1      | 0 ||| qw: Do Orc after clearing Dungeon:15 true
     0 | D:1      | 0 ||| qw: Do second Lair branch before Depths: true
     0 | D:1      | 0 ||| qw: Lair rune preference: random
     0 | D:1      | 0 ||| qw: Goals: Normal
     0 | D:1      | 0 ||| PLANNING D:1-11
   132 | D:1      | HP: 2/12 [frozen (3)]
   136 | D:1      | Reached skill level 6 in Ranged Weapons
   136 | D:1      | Reached XP level 2. HP: 4/16 MP: 4/4
   624 | D:1      | Reached XP level 3. HP: 20/20 MP: 5/5
   985 | D:1      | 985 ||| READING scroll labelled MYOGUL FETON.
   985 | D:1      | Identified a scroll of acquirement
   985 | D:1      | 985 ||| ACQUIRING ring "Hetzaw" {rElec rN+ Will+ Str-2
                  | Dex+4}
   985 | D:1      | Acquired the ring "Hetzaw" {rElec rN+ Will+ Str-2 Dex+4}
   987 | D:1      | 987 ||| UPGRADING to ring "Hetzaw" {rElec rN+ Will+ Str-2
                  | Dex+4}.
   988 | D:1      | 988 ||| READING scroll labelled ZATIEL FIVA.
   988 | D:1      | 988 ||| ENCHANTING +0 shortbow.
   989 | D:1      | 989 ||| READING scroll labelled EKLADDO BINWYE.
   993 | D:1      | 993 ||| READING 2 scrolls labelled KUB BEXIUSK.
   993 | D:1      | 993 ||| IDENTIFYING fizzy emerald potion
   994 | D:1      | 994 ||| READING scroll of identify.
   994 | D:1      | 994 ||| IDENTIFYING metallic amethyst potion
   995 | D:1      | 995 ||| DROPPING scroll of butterflies.
   996 | D:1      | 996 ||| DROPPING potion of brilliance.
  1022 | D:2      | Noticed Jessica
  1024 | D:2      | Killed Jessica
  1025 | D:2      | Reached skill level 7 in Ranged Weapons
  1031 | D:2      | Reached XP level 4. HP: 22/25 MP: 6/6
  1083 | D:2      | Reached skill level 3 in Dodging
  1187 | D:2      | Reached skill level 8 in Ranged Weapons
  1400 | D:2      | Found Uhoipsu's Armour Emporium.
  1406 | D:2      | 1406 ||| SHOPLISTING +0 ring mail of fire resistance (121
                  | gold, have 91).
  1501 | D:2      | 1501 ||| UPGRADING to +0 scale mail.
  1511 | D:2      | 1511 ||| DROPPING +0 leather armour.
  1512 | D:2      | 1512 ||| UPGRADING to +0 ring mail.
  1522 | D:2      | 1522 ||| DROPPING +0 scale mail.
  1543 | D:3      | Reached XP level 5. HP: 29/29 MP: 7/7
  1566 | D:3      | Found a shadowy altar of Dithmenos.
  1641 | D:3      | HP: 2/29 [orc priest/+0 heavy flail (15)]
  1642 | D:3      | 1642 ||| READING scroll of teleportation.
  1643 | D:3      | Slain by an orc priest

Levels and vault maps discovered:
D:1:      mushboom_english_gardens, layout_basic, serial_rivers,
          chequers_serial_rivers_micro_b, chequers_serial_rivers_small_a,
          chequers_serial_rivers_micro_d, chequers_serial_rivers_micro_e,
          chequers_serial_rivers_room_a, chequers_serial_rivers_small_3
D:2:      layout_basic, serial_shops, nicolae_shop_rolling_square, uniq_jessica
D:3:      layout_loops_ring, lemuel_doored_altar,
          nicolae_hepliaklqana_hippocampus, serial_glass, glass_columns_b,
          glass_columns_c, feat_on_display, minmay_strange_pillars,
          feat_on_display, due_unseen_surprise

Skill      XL: |  1  2  3  4 |
---------------+-------------+-----
Ranged Weapons | 6 7 8 |  8.5
Dodging        | 3 |  3.0
Fighting       | |  1.5
Stealth        | |  1.2

Action                     |  1- 3 |  4- 6 || total
---------------------------+-------+-------++-------
   Fire: Shortbow          |    66 |    70 ||   136
    Use: Scroll            |     5 |     1 ||     6
 Armour: Leather armour    |     6 |     8 ||    14
         Ring mail         |       |    14 ||    14
  Dodge: Dodged            |    14 |    23 ||    37

Table legend:
 A = Non-vault XP
 B = Vault XP
 C = Vault XP percentage of total XP
 D = Non-vault monster count
 E = Vault monster count
 F = Vault count percentage of total count
                 A         B        C        D         E       F
            +---------+---------+-------+---------+---------+-------
      Total |     211 |      37 |  14.9 |      50 |       1 |   2.0
            +---------+---------+-------+---------+---------+-------
        D:1 |      44 |       0 |   0.0 |      22 |       0 |   0.0
        D:2 |     111 |      37 |  25.0 |      20 |       1 |   4.8
        D:3 |      56 |       0 |   0.0 |       8 |       0 |   0.0
            +---------+---------+-------+---------+---------+-------
